 Dungeon Crawl Stone Soup version 0.19-a0-450-g98b348d (webtiles) character file.

27 ololoev the Firebug (level 2, -4/15 HPs)
             Began as a Deep Elf Fire Elementalist on June 1, 2016.
             Was a Follower of Vehumet.
             Slain by a river rat (7 damage)
             ... on level 5 of the Dungeon.
             The game lasted 00:05:17 (863 turns).

ololoev the Firebug (Deep Elf Fire Elementalist)     Turns: 863, Time: 00:05:18

Health: -4/15      AC:  2    Str:  5    XL:     2   Next: 93%
Magic:  5/8        EV: 13    Int: 19    God:    Vehumet [*.....]
Gold:   80         SH:  0    Dex: 15    Spells: 1 memorised, 7 levels left

rFire  . . .     SeeInvis .     h - +0 dagger (venom)
rCold  . . .     Gourm    .     a - +0 robe
rNeg   . . .     Faith    .     (no shield)
rPois  .         Spirit   .     (no helmet)
rElec  .         Dismiss  .     (no cloak)
rCorr  .         Reflect  .     (no gloves)
SustAt .         Harm     .     (no boots)
MR     .....                    (no amulet)
Stlth  ++........               (no ring)
                                (no ring)

@: not resistant to hostile enchantments, unstealthy
A: no striking features
a: Renounce Religion

Inventory:

Hand Weapons
 h - a +0 dagger of venom (weapon)
Armour
 a - a +0 robe (worn)
Scrolls
 d - a scroll of enchant armour {unknown}
 i - 4 scrolls of identify {unknown}
 k - a scroll of remove curse {unknown}
 l - a scroll of recharging {unknown}
Books
 b - a book of Flames

   Spells                             Type                      Level
   a - Flame Tongue                   Conjuration/Fire             1
   b - Throw Flame                    Conjuration/Fire             2
   c - Conjure Flame                  Conjuration/Fire             3
   d - Inner Flame                    Hexes/Fire                   3
   e - Sticky Flame                   Conjuration/Fire             4
   f - Fireball                       Conjuration/Fire             5
Comestibles
 c - a bread ration
 j - a beef jerky


   Skills:
 - Level 2.4 Dodging
 - Level 2.4 Stealth
 + Level 3.6 Spellcasting
 * Level 2.1 Conjurations
 + Level 3.6 Fire Magic


You had 7 spell levels left.
You knew the following spells:

 Your Spells              Type           Power        Failure   Level  Hunger
a - Flame Tongue          Conj/Fire      ##...        6%          1    None


You were on level 5 of the Dungeon.
You worshipped Vehumet.
Vehumet was aware of your devotion.
You were not hungry.

You visited 1 branch of the dungeon, and saw 5 of its levels.

You collected 80 gold pieces.

#...≈≈#+#+#
#.†.≈≈≈≈≈5#
#..†.≈..≈.#
#...†.§..≈#
#.........#
#.##..#####
#....##
####r# #.@#
##.## #..#
##.## #..#
##.## #..#
#.## #.#

Notes
Turn   | Place    | Note
--------------------------------------------------------------
     0 | D:1      | ololoev the Deep Elf Fire Elementalist began the quest for the Orb.
     0 | D:1      | Reached XP level 1. HP: 10/10 MP: 6/6
    27 | D:1      | Found a shattered altar of Ashenzari.
   179 | D:1      | Reached XP level 2. HP: 6/15 MP: 0/8
   478 | D:3      | Found a faded altar of an unknown god.
   491 | D:3      | Became a worshipper of Vehumet
   491 | D:3      | Reached * piety under Vehumet
   491 | D:3      | Offered knowledge of Freeze by Vehumet.
   787 | D:5      | Entered Level 5 of the Dungeon
   809 | D:5      | Noticed a crimson imp
   863 | D:5      | Slain by a river rat

Dungeon Overview and Level Annotations

Branches:
Dungeon (5/15)
 Temple: D:4-7

Altars:
Ashenzari
Vehumet


Message History

The crimson imp misses you.
You closely miss the crimson imp.
The crimson imp is moderately wounded.
The crimson imp hits you.
You closely miss the crimson imp.
The crimson imp is moderately wounded.
The crimson imp hits you.
You barely miss the crimson imp.
The crimson imp is lightly wounded.
The crimson imp blinks!
It was a potion of cure mutation.
It has a very clean taste.
It was a potion of flight.
You feel very buoyant.
You fly up into the air.
The crimson imp blinks!
You hit the crimson imp but do no damage.
The crimson imp barely misses you. The crimson imp hits you.
The crimson imp blinks!
The crimson imp closely misses you. The crimson imp barely misses you.
The crimson imp blinks!
You hear the slow rusting of a distant drain.
A ball python comes into view.
A ball python comes into view.
A river rat comes into view.
A rat comes into view.
Casting: Flame Tongue
Confirm with . or Enter, or press ? or * to list all spells.
Aiming: Flame Tongue
Press: ? - help, Shift-Dir - straight line, f - ball python
Aim: a ball python The flame tongue hits the ball python.
You kill the ball python!
Vehumet accepts your kill.
You are starting to lose your buoyancy.
Casting: Flame Tongue
Confirm with . or Enter, or press ? or * to list all spells.
Aiming: Flame Tongue
Press: ? - help, Shift-Dir - straight line, f - rat
Aim: a rat The flame tongue hits the rat.
You kill the rat!
Vehumet accepts your kill.
Casting: Flame Tongue
Confirm with . or Enter, or press ? or * to list all spells.
Aiming: Flame Tongue
Press: ? - help, Shift-Dir - straight line, f - ball python
Aim: a ball python
Okay, then.
The ball python bites you. The ball python grabs you.
The ball python constricts you.
Casting: Flame Tongue
Confirm with . or Enter, or press ? or * to list all spells.
Aiming: Flame Tongue
Press: ? - help, Shift-Dir - straight line, f - river rat
Aim: a river rat (resting)
The flame tongue hits the river rat.
The river rat appears unharmed.
The ball python completely misses you. The ball python constricts you.
The river rat is engulfed in a cloud of scalding steam.
Casting: Flame Tongue
Confirm with . or Enter, or press ? or * to list all spells.
Aiming: Flame Tongue
Press: ? - help, Shift-Dir - straight line, f - ball python, p - river rat
Aim: a ball python (constricting you)
The flame tongue hits the ball python.
You kill the ball python!
Vehumet accepts your kill.
You feel your power returning.
The crimson imp hits you but does no damage.
The crimson imp closely misses you.
You float gracefully downwards.
The crimson imp blinks!
The crimson imp blinks!
Casting: Flame Tongue
Confirm with . or Enter, or press ? or * to list all spells.
Aiming: Flame Tongue
Press: ? - help, Shift-Dir - straight line, f - river rat
Aim: a river rat (moderately wounded)
The flame tongue misses the river rat.
The river rat bites you!
You die...

You could see a river rat.

Vanquished Creatures
  2 dart slugs (D:1)
  3 ball pythons
  A bat (D:1)
  A giant cockroach (D:3)
  A hobgoblin (D:1)
  3 jackals (D:2)
  A goblin (D:1)
  6 kobolds
  5 rats
23 creatures vanquished.

Action                   || total
-------------------------++-------
Melee: Dagger            ||     8
       Unarmed           ||     1
 Cast: Flame Tongue      ||    41
  Use: Potion            ||     2
 Stab: Sleeping          ||     1
Armor: Robe              ||     8
Dodge: Dodged            ||    20

Vault maps used:
D:1:      lemuel_arrival_lava_pool, ashenzari_altar_1
D:2:      first_bread, minmay_misc_feat_room
D:3:      ecumenical_altar_2
D:4:      lemuel_doored_altar, cheibriados_altar_1
D:5:      portal_sewer_entry_e
